 Dungeon Crawl Stone Soup version 0.21.1-1-g345015f (webtiles) character file.

34106 inc the Spry (level 13, -1/63 HPs)
             Began as a Felid Monk on Mar 16, 2018.
             Was an Initiate of Gozag.
             Slain by a thrashing horror (14 damage)
             ... on level 3 of the Abyss.
             The game lasted 01:29:20 (32571 turns).

inc the Spry (Felid Monk)                          Turns: 32571, Time: 01:29:21

Health: -1/63      AC:  3    Str: 10    XL:     13   Next: 40%
Magic:  28/28      EV: 43    Int: 23    God:    Gozag
Gold:   2274       SH:  0    Dex: 25    Spells: 22/33 levels left
                                        Lives:  0   Deaths: 3

rFire    . . .     SeeInvis +     - Unarmed
rCold    + . .     Gourm    .   (shield unavailable)
rNeg     + . .     Faith    .   (armour unavailable)
rPois    .         Spirit   .   (helmet unavailable)
rElec    .         Reflect  .   (cloak unavailable)
rCorr    .         Harm     .   (gloves unavailable)
MR       +....                  (boots unavailable)
Stlth    +++.......             m - amulet of magic regeneration
HPRegen  0.20/turn              b - ring of Phasing {EV+8}
MPRegen  0.46/turn              C - ring of Lises {rN+ Str+3 Int+7 Dex+4}

@: about to teleport, glowing, quick
A: very small, no armour, no weapons or thrown items, stealth, claws 1, fangs 3,
thin skeletal structure 1, camouflage 1, see invisible, carnivore, speed 1,
shaggy fur 3, slow metabolism 1, sharp paws
a: Potion Petition, Call Merchant, Bribe Branch, Renounce Religion


You were on level 3 of the Abyss.
You worshipped Gozag.
Gozag was most pleased with you.
You were not hungry.

You visited 5 branches of the dungeon, and saw 25 of its levels.
You visited the Abyss 1 time.
You also visited: Labyrinth and Volcano.

You collected 8157 gold pieces.
You spent 3957 gold pieces at shops.
You paid 1926 gold pieces to Gozag.

Inventory:

Jewellery
 b - the ring of Phasing (left paw) {EV+8}
   (You bought it in a shop on level 2 of the Lair of Beasts)

   [ring of evasion]

   It affects your evasion (+8).
 i - an uncursed amulet of rage
 m - an amulet of magic regeneration (around neck)
 t - an uncursed ring of resist corrosion
 y - an uncursed ring of poison resistance
 C - the ring of Lises (right paw) {rN+ Str+3 Int+7 Dex+4}
   (You bought it in a shop on level 8 of the Dungeon)

   [ring of strength]

   It affects your strength (+3).
   It affects your intelligence (+7).
   It affects your dexterity (+4).
   It protects you from negative energy.
 J - a +4 ring of evasion
Wands
 h - a wand of digging (8)
 r - a wand of disintegration (12)
 u - a wand of acid (20)
 w - a wand of enslavement (15)
 H - a wand of paralysis (4)
Scrolls
 d - 13 scrolls of remove curse
 f - 5 scrolls of fear
 j - 7 scrolls of magic mapping
 k - 4 scrolls of amnesia
 l - 3 scrolls of fog
 q - a scroll of immolation {unknown}
 N - a scroll of identify
 S - a scroll of blinking
 U - a scroll of summoning
Potions
 e - 6 potions of flight
 g - 2 potions of invisibility
 n - a potion of mutation
 o - 2 potions of agility
 p - 7 potions of might
 z - 5 potions of cancellation
 A - 2 potions of brilliance
 B - a potion of ambrosia
 F - 5 potions of degeneration
 I - a potion of haste
 K - 5 potions of lignification
 Q - a potion of resistance
 R - 2 potions of berserk rage
 T - a potion of magic
 W - a potion of curing
Books
 s - a book of Maledictions

   Spells                             Type                      Level
   a - Corona                         Hexes                        1
   b - Ensorcelled Hibernation        Hexes/Ice                    2
   c - Confuse                        Hexes                        3
   d - Tukima's Dance                 Hexes                        3
   e - Dazzling Spray                 Conjuration/Hexes            3
 v - a book of Flames

   Spells                             Type                      Level
   a - Flame Tongue                   Conjuration/Fire             1
   b - Throw Flame                    Conjuration/Fire             2
   c - Conjure Flame                  Conjuration/Fire             3
   d - Inner Flame                    Hexes/Fire                   3
   e - Sticky Flame                   Conjuration/Fire             4
   f - Fireball                       Conjuration/Fire             5
 x - a book of Frost

   Spells                             Type                      Level
   a - Freeze                         Ice                          1
   b - Throw Frost                    Conjuration/Ice              2
   c - Ozocubu's Armour               Charms/Ice                   3
   d - Throw Icicle                   Conjuration/Ice              4
   e - Summon Ice Beast               Ice/Summoning                4
 E - a book of Clouds

   Spells                             Type                      Level
   a - Poisonous Vapours              Poison/Air                   2
   b - Mephitic Cloud                 Conjuration/Poison/Air       3
   c - Conjure Flame                  Conjuration/Fire             3
   d - Freezing Cloud                 Conjuration/Ice/Air          6
   e - Ring of Flames                 Charms/Fire                  7
 O - the Guide on the Poisonous Rocks
   (You bought it in a shop on level 13 of the Dungeon)

   Spells                             Type                      Level
   a - Leda's Liquefaction            Hexes/Earth                  4
   b - Venom Bolt                     Conjuration/Poison           5
   c - Alistair's Intoxication        Transmutation/Poison         5
   d - Statue Form                    Transmutation/Earth          6
 P - a book of Necromancy

   Spells                             Type                      Level
   a - Pain                           Necromancy                   1
   b - Animate Skeleton               Necromancy                   1
   c - Vampiric Draining              Necromancy                   3
   d - Regeneration                   Charms/Necromancy            3
   e - Animate Dead                   Necromancy                   4
   f - Borgnjor's Vile Clutch         Necromancy/Earth             5
 Y - a book of Battle

   Spells                             Type                      Level
   a - Infusion                       Charms                       1
   b - Shroud of Golubria             Charms/Translocation         2
   c - Song of Slaying                Charms                       2
   d - Spectral Weapon                Hexes/Charms                 3
   e - Regeneration                   Charms/Necromancy            3
 Z - a book of Air

   Spells                             Type                      Level
   a - Shock                          Conjuration/Air              1
   b - Swiftness                      Charms/Air                   2
   c - Static Discharge               Conjuration/Air              3
   d - Airstrike                      Air                          4
   e - Lightning Bolt                 Conjuration/Air              5
Miscellaneous
 M - a phantom mirror
Comestibles
 a - 17 rations


   Skills:
 - Level 11.0 Fighting
 - Level 15.4 Dodging
 - Level 10.1 Stealth
 - Level 12.8 Unarmed Combat
 - Level 10.6 Spellcasting
 - Level 12.1 Hexes
 + Level 1.9 Transmutations
 - Level 8.0 Ice Magic
 + Level 1.5 Earth Magic


You had 22 spell levels left.
You knew the following spells:

 Your Spells              Type           Power        Failure   Level  Hunger
a - Ensorcelled Hibernat  Hex/Ice        ######       1%          2    None
b - Confuse               Hex            ######..     1%          3    None
c - Statue Form           Tmut/Erth      ###......    99%         6    ######.


Dungeon Overview and Level Annotations

Branches:
Dungeon (15/15)            Temple (1/1) D:4            Lair (6/6) D:10
 Shoals (1/4) Lair:4        Snake (0/4) Lair:2        Slime (0/5) Lair:6
    Orc (2/2) D:12            Elf (0/3) Orc:2        Vaults (0/5) D:14
 Depths (0/5) D:15

Altars:
Ashenzari
Cheibriados
Dithmenos
Elyvilon
Fedhas
Gozag
Hepliaklqana
Kikubaaqudgha
Makhleb
Nemelex Xobeh
Okawaru
Qazlal
Ru
Sif Muna
Trog
Uskayaw
Vehumet
Wu Jian
Xom
Yredelemnul
Zin
The Shining One
Beogh
Jiyva

Shops:
D:4 [   D:6 %   D:8 =   D:9 *   D:11 [   D:13 }:   Orc:2 ?[([   Lair:2 =

Annotations:
D:14 Lorn's ghost, journeyman DDBe; Setanta's ghost, adept SpAs
Lair:6 Rupert


Innate Abilities, Weirdness & Mutations

You cannot wear armour.
You are incapable of wielding weapons or throwing items.
Your paws allow you to move quietly. (Stealth)
You have sharp claws.
You have razor-sharp teeth.
You have supernaturally acute eyesight. (SInv)
You are carnivorous and can eat meat at any time.
You cover ground quickly.
Your thick and shaggy fur keeps you warm. (AC +3, rC+)
You have a slow metabolism.
Your sharp claws are effective at attacking unaware monsters.
You have a somewhat thin skeletal structure. (Dex +2, Stealth)
Your skin changes colour to match your surroundings (Stealth+).


Message History

The thrashing horror completely misses you.
The thrashing horror completely misses you.
The thrashing horror tramples you.
You stumble backwards!
The thrashing horror roars!
The thrashing horror tramples you!
* * * LOW HITPOINT WARNING * * *
You stumble backwards!
The thrashing horror tramples you but does no damage.
The thrashing horror completely misses you.
A starcursed mass splits.
The thrashing horror closely misses you.
The thrashing horror completely misses you.
Okay, then.
As you read the scroll of teleportation, it crumbles to dust.
You feel strangely unstable.
You feel the power of the Abyss delaying your translocation!
The thrashing horror roars!
You hear a roar!
The thrashing horror tramples you!
You die...
Your body crumbles into a pile of gold.

......#$#..#..##
##.#.#....#..###
#.....#..#3.#..#..
#.....#... .#...##
.#.#....... # .#
####...#.#....#...#.
..###.#.....#.##.##..#..
..........A..#...##..#
#.#....@Xx....##....#. .
#..........#.#...# #. .
##.#..X#.##.##.# ....
#.....X.##.### .. .#
#.......#.## .#.#....
#..#....#.## ## .##.#
#........ # . ยง.#.
#........ 5 # . . ....
.#.# # #


You could see 2 starcursed masses, an angel, a thrashing horror and a small
abomination.

Vanquished Creatures
  An orc warlord (Orc:2)
  A stone giant (Volcano)
  Azrael (D:14)
  A minotaur (Lab)
  A merfolk impaler (Shoals:1)
  Josephine (D:12)
  2 vault guards (D:14)
  4 hydras
  6 two-headed ogres
  An orc high priest (Orc:2)
  The ghost of Terandir the Thaumaturge, a novice DEEE of Okawaru (D:10)
  2 death yaks
  3 unseen horrors
  A wizard (D:14)
  A necromancer (D:14)
  A lindwurm (Lair:4)
  A wolf spider zombie (D:12)
  A wolf spider (D:13)
  An orc knight (Orc:2)
  5 cyclopes
  3 orc sorcerers (Orc:2)
  3 ugly things
  3 manticores
  10 elephants
  2 black mambas
  2 centaur zombies (D:12)
  6 spiny frogs
  Joseph (D:9)
  A gargoyle (D:12)
  3 centaur skeletons
  A kobold demonologist (D:9)
  3 komodo dragons
  A rime drake (Lair:1)
  An efreet (Volcano)
  4 merfolk (Shoals:1)
  A tengu conjurer (D:14)
  3 polar bears
  9 trolls
  2 hornets
  Prince Ribbit (D:7)
  5 slime creatures
  A wind drake (Shoals:1)
  11 hippogriffs
  9 blink frogs
  A meliai zombie (D:14)
  A centaur simulacrum (D:13)
  A water elemental (Shoals:1)
  5 wraiths
  Sigmund (D:5)
  Eustachio (D:6)
  19 humans (D:14)
  2 shadows (D:13)
  2 wyverns
  5 fire elementals
  51 yaks
  2 basilisks (Lair:6)
  2 vampire mosquitoes (D:13)
  A steam dragon (Lair:6)
  2 hungry ghosts
  2 wargs
  9 water moccasins
  Edmund (D:5)
  5 hell hounds (D:14)
  8 porcupines
  A meliai simulacrum (D:13)
  6 ice beasts
  31 orc warriors
  A sky beast (D:11)
  A black bear (Lair:5)
  12 centaurs
  9 ogres
  9 necrophages
  4 boggarts (Lair:5)
  40 wolves
  13 crocodiles
  15 bullfrogs
  17 big kobolds
  Blork the orc (D:6)
  2 earth elementals (Volcano)
  2 scorpions (D:9)
  13 killer bees
  5 wights
  6 electric eels
  7 crimson imps
  A quasit (D:6)
  2 jellies
  11 hounds
  3 bullfrog zombies
  A bullfrog skeleton (D:13)
  25 orc priests
  7 iguanas
  28 orc wizards
  5 worker ants
  A bullfrog simulacrum (D:13)
  3 hound skeletons
  3 mummies (D:12)
  2 worker ant zombies
  2 gnolls (D:2)
  17 adders
  3 shadow imps
  4 white imps (D:13)
  An ufetubus (D:13)
  An ooze (D:7)
  2 adder skeletons (D:7)
  A worm (D:3)
  4 dart slugs
  7 leopard geckos
  118 orcs
  A ball python (D:7)
  8 bats
  5 giant cockroaches
  5 goblins
  3 hobgoblins
  10 jackals
  24 kobolds
  5 quokkas
  5 frilled lizards
  A jackal skeleton (D:6)
  A jackal zombie (D:7)
  5 rats
  2 butterflies (Lair:2)
  A fungus (Lair:6)
766 creatures vanquished.

Vanquished Creatures (others)
  A yak (D:14)
  An orc wizard (Orc:2)
  2 orcs
  2 bushes (Lair:5)
  11 fungi
  11 plants
28 creatures vanquished.

Grand Total: 794 creatures vanquished

Notes
Turn   | Place    | Note
-------+----------+-------------------------------------------
     0 | D:1      | inc the Felid Monk began the quest for the Orb.
     0 | D:1      | Reached XP level 1. HP: 10/10 MP: 2/2
   174 | D:1      | Reached XP level 2. HP: 13/14 MP: 3/3
   443 | D:1      | Found a glowing golden altar of the Shining One.
  1021 | D:2      | Reached XP level 3. HP: 17/17 MP: 4/4
  1255 | D:2      | Reached skill level 5 in Dodging
  1639 | D:3      | Reached XP level 4. HP: 17/21 MP: 5/5
  2286 | D:2      | Reached skill level 6 in Dodging
  3223 | D:4      | Reached XP level 5. HP: 18/24 MP: 6/6
  3234 | D:4      | Reached skill level 7 in Dodging
  3565 | D:4      | Found Ymote's Armour Shop.
  3606 | D:4      | Found a staircase to the Ecumenical Temple.
  3772 | Temple   | Entered the Ecumenical Temple
  4013 | Temple   | Became a worshipper of Gozag Ym Sagoz the Greedy
  4725 | D:5      | Entered Level 5 of the Dungeon
  4727 | D:5      | Noticed Sigmund
  4811 | D:4      | Reached skill level 8 in Dodging
  4851 | D:5      | Gained mutation: You are covered in thick fur. (AC +2) [Felid growth]
  4851 | D:5      | Reached XP level 6. HP: 19/28 MP: 7/7
  5444 | D:5      | Found a radiant altar of Vehumet.
  5496 | D:5      | Reached skill level 9 in Dodging
  5502 | D:5      | Learned a level 2 spell: Ensorcelled Hibernation
  5506 | D:5      | Learned a level 3 spell: Confuse
  5660 | D:6      | Noticed an orc warrior
  5959 | D:6      | Noticed Blork the orc
  6003 | D:6      | Noticed Eustachio
  6281 | D:5      | Found a shattered altar of Ashenzari.
  6332 | D:5      | Noticed Edmund
  6346 | D:5      | Killed Edmund
  6346 | D:5      | Reached XP level 7. HP: 31/31 MP: 7/11
  6520 | D:7      | Noticed Prince Ribbit
  6541 | D:7      | Killed Prince Ribbit
  6569 | D:7      | HP: 1/31 [centaur (8)]
  6578 | D:7      | Reached skill level 5 in Spellcasting
  6578 | D:7      | Reached XP level 8. HP: 19/34 MP: 14/16
  7651 | D:8      | Noticed a hippogriff
  7852 | D:8      | Slain by a killer bee
  7853 | D:8      | Reached XP level 7. HP: -1/46 MP: 18/18
  7872 | D:8      | Killed a hippogriff
  8230 | D:7      | Found a stormy altar of Qazlal.
  8233 | D:7      | Found an iron altar of Okawaru.
  8236 | D:7      | Found a hide-covered altar of Uskayaw.
  9091 | D:6      | Killed Eustachio
  9091 | D:6      | Reached skill level 5 in Stealth
  9091 | D:6      | Reached XP level 8. HP: 34/34 MP: 16/19
  9182 | D:6      | Found Ekhotim's Food Boutique.
  9362 | D:6      | Found a white marble altar of Elyvilon.
  9460 | D:6      | Killed Blork the orc
  9677 | D:7      | Found a bloodstained altar of Trog.
  9679 | D:7      | Found a shimmering altar of Xom.
  9679 | D:7      | Found a burning altar of Makhleb.
  9681 | D:7      | Found a blossoming altar of Fedhas.
  9681 | D:7      | Found a burning altar of Makhleb.
  9681 | D:7      | Found a shattered altar of Ashenzari.
 10304 | D:9      | Noticed a hippogriff
 10466 | D:9      | Reached skill level 1 in Hexes
 10466 | D:9      | Reached skill level 1 in Ice Magic
 10542 | D:9      | Found a shimmering altar of Xom.
 10559 | D:9      | Noticed a troll
 10581 | D:9      | Killed a troll
 10642 | D:9      | Reached XP level 9. HP: 37/37 MP: 17/20
 10739 | D:8      | Noticed a two-headed ogre
 10799 | D:10     | Entered Level 10 of the Dungeon
 11080 | D:5      | Killed Sigmund
 11080 | D:5      | Reached skill level 5 in Hexes
 11913 | D:9      | Noticed a two-headed ogre
 11913 | D:9      | Noticed an unseen horror
 11984 | D:9      | Killed an unseen horror
 12185 | D:8      | Killed a two-headed ogre
 12185 | D:8      | Reached skill level 5 in Ice Magic
 12463 | D:9      | Noticed Joseph
 12766 | D:9      | Killed a two-headed ogre
 12766 | D:9      | Reached XP level 10. HP: 35/42 MP: 16/21
 12846 | D:9      | Killed Joseph
 12846 | D:9      | Reached skill level 10 in Hexes
 13187 | D:9      | Found Locagal's Assorted Antiques.
 13301 | D:9      | Noticed a two-headed ogre
 13368 | D:9      | Killed a two-headed ogre
 13762 | D:9      | Reached XP level 11. HP: 38/45 MP: 6/22
 14053 | D:8      | Bought the ring of Lises {rN+ Str+3 Int+7 Dex+4} for 550 gold pieces
 14318 | D:10     | Reached skill level 5 in Unarmed Combat
 14354 | D:10     | Noticed Terandir's ghost (novice DEEE)
 14786 | D:10     | Killed Terandir's ghost
 15300 | D:10     | Found a staircase to the Lair.
 16173 | D:11     | Noticed a two-headed ogre
 16192 | D:11     | Killed a two-headed ogre
 16299 | D:11     | Found Gitumyhi's Antique Armour Emporium.
 16299 | D:11     | Noticed a red ugly thing
 16319 | D:11     | Killed a red ugly thing
 16319 | D:11     | Reached skill level 10 in Unarmed Combat
 16618 | D:11     | Noticed a five-headed hydra
 16626 | D:11     | Killed a five-headed hydra
 16626 | D:11     | Gained mutation: Your thick and shaggy fur keeps you warm. (AC +3, rC+) [Felid growth]
 16626 | D:11     | Reached XP level 12. HP: 48/48 MP: 23/23
 16880 | D:12     | Found a labyrinth entrance.
 16898 | Lab      | Entered a labyrinth
 17228 | Lab      | Noticed a minotaur
 17229 | Lab      | Killed a minotaur
 17413 | D:12     | Found a staircase to the Orcish Mines.
 17480 | D:12     | Reached skill level 5 in Fighting
 17528 | D:12     | Noticed Josephine
 17549 | D:12     | Killed Josephine
 17564 | D:12     | HP: 2/52 [adder (2)]
 17870 | D:13     | Found Hofud's Gadget Boutique.
 18458 | D:13     | Found a roughly hewn altar of Beogh.
 19279 | D:14     | Noticed Setanta's ghost (adept SpAs)
 19555 | D:14     | Found a sparkling altar of Nemelex Xobeh.
 19563 | D:14     | Reached skill level 10 in Fighting
 19739 | D:14     | Noticed Lorn's ghost (journeyman DDBe)
 19907 | D:14     | Reached skill level 10 in Dodging
 19938 | D:14     | Noticed Azrael
 20220 | D:14     | Reached XP level 13. HP: 61/61 MP: 18/24
 20246 | D:15     | Entered Level 15 of the Dungeon
 20253 | D:15     | Reached skill level 11 in Dodging
 20488 | D:14     | Reached skill level 12 in Dodging
 20616 | D:14     | Killed Azrael
 20792 | D:14     | Reached skill level 13 in Dodging
 20797 | D:14     | Found a gate to the Vaults.
 20919 | Lair:1   | Entered Level 1 of the Lair of Beasts
 20989 | Lair:1   | Found a dark tunnel.
 21115 | Volcano  | Entered a volcano
 21240 | Volcano  | Noticed a stone giant
 21244 | Volcano  | Killed a stone giant
 21451 | Lair:1   | Found the +2 ratskin cloak {+Rats rPois rN+ Str-1 Int-1 Dex+1}
 21964 | Lair:2   | Found a staircase to the Snake Pit.
 24120 | Lair:4   | Found a staircase to the Shoals.
 25169 | Lair:5   | Reached XP level 14. HP: 66/66 MP: 27/27
 26567 | Lair:2   | Bought the ring of Phasing {EV+8} for 2432 gold pieces
 26567 | Lair:2   | Found the ring of Phasing {EV+8}
 26878 | D:12     | Reached skill level 10 in Spellcasting
 27463 | Orc:1    | Entered Level 1 of the Orcish Mines
 27642 | Orc:2    | Entered Level 2 of the Orcish Mines
 27759 | Orc:2    | Found a staircase to the Elven Halls.
 27916 | Orc:2    | Found a roughly hewn altar of Beogh.
 28020 | Orc:2    | Found a roughly hewn altar of Beogh.
 28231 | Orc:2    | Found a roughly hewn altar of Beogh.
 28359 | Orc:2    | Found a roughly hewn altar of Beogh.
 28363 | Orc:2    | Found Qacvul's Magic Scroll Shoppe.
 28366 | Orc:2    | Reached skill level 14 in Dodging
 28520 | Orc:2    | Bought a scroll of magic mapping for 49 gold pieces
 28704 | Orc:2    | Slain by a sixfirhy
 28705 | Orc:2    | Reached XP level 13. HP: -2/61 MP: 28/28
 28735 | Orc:2    | Found a roughly hewn altar of Beogh.
 28842 | Orc:2    | Found a roughly hewn altar of Beogh.
 28850 | Orc:2    | Found Zudugodgh's Armour Boutique.
 28934 | Orc:2    | Noticed an orc warlord
 29184 | Orc:2    | Killed an orc warlord
 29311 | Orc:2    | Found Nopp's Antique Armour Shop.
 29336 | Orc:2    | Found Uttem's Antique Weapon Boutique.
 29337 | Orc:2    | Found a roughly hewn altar of Beogh.
 29444 | Orc:2    | Reached skill level 15 in Dodging
 29566 | Orc:1    | Found a roughly hewn altar of Beogh.
 29905 | Lair:6   | Entered Level 6 of the Lair of Beasts
 29956 | Lair:6   | Noticed Rupert
 30643 | Lair:6   | Reached XP level 14. HP: 57/66 MP: 25/29
 30667 | Lair:6   | Found a runed door.
 30668 | Lair:6   | Found a viscous altar of Jiyva.
 30693 | Lair:6   | Noticed an acid blob
 30694 | Lair:6   | Found a staircase to the Slime Pits.
 30712 | Lair:6   | Killed from afar by an acid blob
 30713 | Lair:6   | Reached XP level 13. HP: -5/63 MP: 28/28
 30730 | Lair:6   | Gained mutation: Your skin changes colour to match your surroundings (Stealth+). [potion of mutation]
 30730 | Lair:6   | Gained mutation: You have a somewhat thin skeletal structure. (Dex +2, Stealth) [potion of mutation]
 31721 | Shoals:1 | Entered Level 1 of the Shoals
 31758 | Shoals:1 | Noticed a merfolk impaler
 31774 | Shoals:1 | Killed a merfolk impaler
 31774 | Shoals:1 | Reached skill level 10 in Stealth
 32106 | D:13     | Bought the Guide on the Poisonous Rocks for 926 gold pieces
 32118 | D:13     | Learned a level 6 spell: Statue Form
 32163 | D:14     | Reached skill level 1 in Transmutations
 32163 | D:14     | Reached skill level 1 in Earth Magic
 32292 | D:14     | Cast into level 3 of the Abyss (a wizard)
 32424 | Abyss:3  | Noticed a bone dragon
 32455 | Abyss:3  | Noticed a revenant
 32456 | Abyss:3  | Noticed a tentacled starspawn
 32471 | Abyss:3  | Noticed a blizzard demon
 32541 | Abyss:3  | Noticed a starcursed mass
 32554 | Abyss:3  | Noticed a ghost moth
 32554 | Abyss:3  | Noticed a starcursed mass
 32562 | Abyss:3  | Noticed an angel
 32571 | Abyss:3  | Slain by a thrashing horror

Skill      XL: |  1  2  3  4  5  6  7  8  9 10 11 12 13 14 |
---------------+-------------------------------------------+-----
Unarmed Combat | 4 10 12 | 12.8
Dodging        | 5 6 8 9 10 15 14 | 15.4
Spellcasting   | 2 7 6 8 10 | 10.6
Stealth        | 5 8 10 | 10.1
Hexes          | 4 9 12 | 12.1
Ice Magic      | 2 6 8 |  8.0
Fighting       | 10 11 | 11.0
Transmutations | 1 |  1.9
Earth Magic    | 1 |  1.5

Action                   |  1- 3 |  4- 6 |  7- 9 | 10-12 | 13-15 || total
-------------------------+-------+-------+-------+-------+-------++-------
Melee: Unarmed           |    87 |   238 |   318 |   481 |   704 ||  1828
       Bite              |     8 |    15 |    32 |    52 |    65 ||   172
       Punch             |     1 |     4 |     4 |    14 |    27 ||    50
 Cast: Ensorcelled Hiber |       |     2 |   123 |   207 |   464 ||   796
       Confuse           |       |     2 |    13 |    86 |    29 ||   130
Invok: Call Merchant     |       |       |     1 |     1 |     1 ||     3
 Abil: Evoke Berserk Rag |       |       |     1 |       |       ||     1
  Use: Potion            |     2 |     2 |    12 |     1 |     4 ||    21
       Scroll            |       |     7 |     2 |    13 |    14 ||    36
 Stab: Sleeping          |    11 |     9 |    50 |   148 |   281 ||   499
       Distracted        |       |     2 |       |     3 |     4 ||     9
       Invisible         |       |       |     6 |       |       ||     6
       Confused          |       |       |     5 |    35 |    17 ||    57
  Eat: Chunk             |     7 |     6 |       |       |       ||    13
       Ration            |       |       |     5 |     8 |    11 ||    24
Armor: Skin              |     2 |     9 |    29 |    21 |    22 ||    83
Dodge: Dodged            |    76 |   193 |   343 |   434 |   915 ||  1961
